General information
			
			
        
        - name: BNet
 
        - type: Ladder 1vs1/FFA
 
        - host: Battle.net
 
        - saver: BEAR_AND
 
        
map: TurtleRock 
        - players: 2
 
        - length: 34:59
 
        - speed: Fast
 - version: 1.22 W3XP
 - replay type:  

 
» download(151 KB)
Players
        team 1 (loser) 
              
              
tube8.com (
yellow | 142 APM | 4964 actions | 34:57)
              
 4 Far Seer 
 2 Feral Spirit
 2 Chain Lighting
 4 Tauren Chieftain 
 2 War Stomp
 2 Endurance Aura
 
                » actions 
                
                | Assign group hotkey | 59 |  | 
| Basic commands | 18 |  | 
| Build / train | 85 |  | 
| ESC pressed | 2 |  | 
| Enter build submenu | 28 |  | 
| Enter hero's abilities submenu | 14 |  | 
| Give item / drop item | 2 |  | 
| Right click | 2816 |  | 
| Select / deselect | 889 |  | 
| Select group hotkey | 868 |  | 
| Use ability | 182 |  | 
                4964 total
 » units 
                
                | Peon | 16 |  | 
| Grunt | 5 |  | 
| Demolisher | 3 |  | 
| Raider | 2 |  | 
| Wind Rider | 3 |  | 
| Spirit Walker | 2 |  | 
| Troll Batrider | 13 |  | 
| Troll Headhunter/Berserker | 2 |  | 
                46 total
 » upgrades
                
                | Berserker Strength | 1 |  | 
| Ensnare | 1 |  | 
| Reinforced Defenses | 1 |  | 
| Spiked Barricades | 1 |  | 
| Liquid Fire | 1 |  | 
                5 total
 » buildings
                
                | Altar of Storms | 1 |  | 
| Orc Burrow | 7 |  | 
| Barracks | 1 |  | 
| Voodoo Lounge | 1 |  | 
| War Mill | 1 |  | 
| Stronghold | 1 |  | 
| Beastiary | 3 |  | 
| Spirit Lodge | 1 |  | 
| Great Hall | 1 |  | 
| Watch Tower | 8 |  | 
| Fortress | 1 |  | 
                26 total
 » build order
                00:08 Altar of Storms
00:12 Orc Burrow
00:37 Barracks
02:11 Voodoo Lounge
02:20 Orc Burrow
02:23 War Mill
03:30 Stronghold
04:43 Orc Burrow
07:15 Beastiary
09:10 Orc Burrow
09:15 Beastiary
09:56 Orc Burrow
11:31 Beastiary
11:33 Spirit Lodge
13:28 Orc Burrow
16:09 Orc Burrow
18:49 Great Hall
20:30 Watch Tower
22:35 Watch Tower
22:46 Fortress
24:11 Watch Tower
25:02 Watch Tower
25:03 Watch Tower
25:04 Watch Tower
26:14 Watch Tower
31:01 Watch Tower
» items
                
                | Healing Salve | 6 |  | 
| Lesser Clarity Potion | 1 |  | 
| Scroll of Speed | 3 |  | 
| Scroll of Town Portal | 2 |  | 
| Potion of Healing | 2 |  | 
| Boots of Speed | 1 |  | 
| Potion of Lesser Invulnerability | 2 |  | 
| Scroll of Healing | 2 |  | 
                19 total
  
               team 2 (winner) 
              
              
BEAR_AND (
purple | 136 APM | 4764 actions | 34:59)
              
 5 Mountain King 
 3 Storm Bolt
 2 Bash
 5 Paladin 
 3 Holy Light
 2 Divine Shield
 
                » actions 
                
                | Assign group hotkey | 29 |  | 
| Basic commands | 54 |  | 
| Build / train | 138 |  | 
| Enter build submenu | 71 |  | 
| Enter hero's abilities submenu | 11 |  | 
| Give item / drop item | 14 |  | 
| Right click | 2729 |  | 
| Select / deselect | 541 |  | 
| Select group hotkey | 981 |  | 
| Use ability | 196 |  | 
                4764 total
 » units 
                
                | Peasant | 37 |  | 
| Footman | 5 |  | 
| Gryphon Rider | 5 |  | 
| Sorceress | 1 |  | 
                48 total
 » upgrades
                
                | Masonry | 3 |  | 
| Animal War Training | 1 |  | 
| Lumber Harvesting | 2 |  | 
| Armor | 3 |  | 
| Sorceress Training | 1 |  | 
| Magic Sentry | 1 |  | 
| Storm Hammers | 1 |  | 
| Swords | 1 |  | 
                13 total
 » buildings
                
                | Altar of Kings | 1 |  | 
| Farm | 7 |  | 
| Barracks | 1 |  | 
| Scout Tower | 48 |  | 
| Arcane Tower | 8 |  | 
| Arcane Vault | 4 |  | 
| Lumber Mill | 1 |  | 
| Keep | 3 |  | 
| Guard Tower | 38 |  | 
| Castle | 1 |  | 
| Gryphon Aviary | 2 |  | 
| Blacksmith | 1 |  | 
| Town Hall | 3 |  | 
| Arcane Sanctum | 1 |  | 
                119 total
 » build order
                00:09 Altar of Kings
00:11 Farm
00:21 Barracks
00:23 Farm
01:57 Scout Tower
01:59 Farm
02:28 Arcane Tower
02:28 Arcane Tower
02:47 Arcane Vault
03:20 Arcane Vault
04:12 Lumber Mill
05:04 Keep
05:04 Keep
05:04 Keep
05:06 Scout Tower
05:28 Farm
05:29 Farm
06:04 Arcane Tower
07:01 Arcane Vault
07:30 Scout Tower
07:33 Scout Tower
08:08 Guard Tower
08:09 Scout Tower
08:30 Guard Tower
08:45 Guard Tower
08:56 Castle
08:58 Gryphon Aviary
08:59 Gryphon Aviary
09:07 Scout Tower
09:09 Scout Tower
09:26 Scout Tower
09:35 Farm
09:37 Farm
09:44 Guard Tower
10:12 Blacksmith
10:38 Guard Tower
13:10 Arcane Vault
14:32 Town Hall
14:38 Scout Tower
15:10 Arcane Tower
15:56 Scout Tower
16:06 Scout Tower
16:06 Scout Tower
16:07 Scout Tower
17:01 Guard Tower
17:21 Scout Tower
17:22 Scout Tower
17:35 Guard Tower
17:47 Guard Tower
17:49 Scout Tower
17:50 Scout Tower
17:55 Guard Tower
19:44 Guard Tower
19:52 Guard Tower
20:25 Guard Tower
21:15 Scout Tower
21:16 Scout Tower
21:16 Scout Tower
21:18 Scout Tower
21:48 Guard Tower
22:06 Scout Tower
22:07 Scout Tower
22:08 Scout Tower
22:09 Scout Tower
22:22 Guard Tower
22:36 Guard Tower
23:14 Guard Tower
23:51 Arcane Sanctum
28:49 Scout Tower
28:49 Scout Tower
28:50 Scout Tower
29:01 Scout Tower
29:02 Scout Tower
29:30 Guard Tower
29:30 Guard Tower
29:31 Arcane Tower
30:14 Guard Tower
30:37 Town Hall
30:40 Scout Tower
31:01 Scout Tower
31:12 Guard Tower
31:28 Arcane Tower
31:29 Scout Tower
31:30 Scout Tower
31:31 Scout Tower
32:17 Guard Tower
33:37 Scout Tower
33:38 Scout Tower
33:39 Scout Tower
33:39 Scout Tower
33:45 Scout Tower
33:45 Scout Tower
33:46 Scout Tower
33:46 Scout Tower
33:48 Scout Tower
33:48 Scout Tower
33:48 Scout Tower
34:11 Guard Tower
34:12 Guard Tower
34:12 Guard Tower
34:13 Guard Tower
34:13 Guard Tower
34:14 Guard Tower
34:14 Guard Tower
34:16 Guard Tower
34:16 Guard Tower
34:17 Guard Tower
34:20 Arcane Tower
34:41 Guard Tower
34:42 Arcane Tower
34:48 Town Hall
34:49 Guard Tower
» items
                
                | Scroll of Regeneration | 2 |  | 
| Lesser Clarity Potion | 5 |  | 
| Boots of Speed | 1 |  | 
| Staff of Sanctuary | 2 |  | 
| Scroll of Town Portal | 1 |  | 
| Staff of Teleportation | 1 |  | 
                12 total
  
                Chat log
          
(07:10 / All) BEAR_AND: n1
(19:17 / All) BEAR_AND: try killing a gryphon next time
(19:46 / All) tube8.com: u got lots of towers bro
(19:50 / All) BEAR_AND: i love em
(19:56 / All) BEAR_AND: my fav unit
(20:18 / All) tube8.com: u could put them all over the map bro
(20:31 / All) BEAR_AND: thats the best part
(33:06 / All) tube8.com: u got two ud heros bro ,thats brillant
(33:11 / All) BEAR_AND: ud?
(33:20 / All) tube8.com: cant be killed
(33:30 / All) BEAR_AND: aheh
(34:03 / All) BEAR_AND: lucky for you i didn't get three...
(34:37 / All) BEAR_AND: yeowch
(34:51 / All) tube8.com: gg
(34:53 / All) BEAR_AND: bye